 Dungeon Crawl Stone Soup version 0.29-a0-397-g846e4a0bbc (webtiles) character file.

Game seed: 17152993382183417220

69 hquester the Changer (level 3, -11/27 HPs)
             Began as a Demigod Wanderer on May 11, 2022.
             Killed from afar by an orc wizard (13 damage)
             ... with a puff of flame
             ... on level 2 of the Dungeon.
             The game lasted 00:08:55 (1591 turns).

hquester the Changer (Demigod Wanderer)             Turns: 1591, Time: 00:08:56

Health: -11/27     AC: 11    Str: 14    XL:     3   Next: 75%
Magic:  8/8        EV: 10    Int: 17    God:
Gold:   94         SH:  3    Dex: 13    Spells: 6/6 levels left

rFire   x . .      SeeInvis .   a - +0 dagger
rCold   + . .      Faith    .   c - +0 buckler
rNeg    . . .      Spirit   .   h - +4 ring mail
rPois   +          Reflect  .   (no helmet)
rElec   .          Harm     .   d - +0 cloak
rCorr   .          Rampage  .   m - +0 pair of gloves
Will    .....                   (no boots)
Stlth   +.........              (no amulet)
HPRegen 0.09/turn               i - ring of poison resistance
MPRegen 0.11/turn               k - ring of ice

@: no status effects
A: high MP 1, forlorn, divine attributes
a: no special abilities


You were on level 2 of the Dungeon.
You visited 1 branch of the dungeon, and saw 2 of its levels.

You collected 94 gold pieces.

Inventory:

Hand Weapons
 a - a +0 dagger (weapon)
Missiles
 e - 8 poisoned darts (quivered)
Armour
 c - a +0 buckler (worn)
 d - a +0 cloak (worn)
 h - a +4 ring mail (worn)
 m - a +0 pair of gloves (worn)
Jewellery
 i - a ring of poison resistance (left hand)
 k - a ring of ice (right hand)
Scrolls
 b - a scroll of fog
 f - a scroll of teleportation {unknown}
 j - a scroll of amnesia {unknown}
Potions
 g - a potion of curing
 l - a potion of cancellation {unknown}


   Skills:
 + Level 0.9 Fighting
 + Level 1.4 Short Blades
 + Level 0.4 Armour
 + Level 1.3 Dodging
 + Level 2.1 Stealth
 + Level 0.4 Shields
 + Level 2.0 Spellcasting
 + Level 1.0 Summonings
 + Level 3.2 Transmutations
 + Level 1.0 Evocations


You had 6 spell levels left.
You didn't know any spells.
Your spell library contained the following spells:

 Spells                   Type           Power      Damage    Failure   Level
 Beastly Appendage        Tmut           24%        N/A       14%         1
 Sting                    Tmut/Pois      28%        1d4       28%         1
 Summon Small Mammal      Summ           20%        N/A       34%         1
 Ensorcelled Hibernation  Hex/Ice        4%         N/A       63%         2
 Spider Form              Tmut/Pois      7%         N/A       63%         3
 Call Canine Familiar     Summ           5%         N/A       71%         3
 Ice Form                 Ice/Tmut       10%        N/A       95%         4
 Anguish                  Hex/Necr       0%         N/A       99%         4


Dungeon Overview and Level Annotations

Branches:
Dungeon (2/15)


Innate Abilities, Weirdness & Mutations

You have an increased reservoir of magic. (+10% MP)
You shall have no god before yourself.
Your divine heritage dramatically boosts your attributes as you level up.


Message History

You hit the orc wizard but do no damage.
The orc wizard is heavily wounded.
The orc wizard hits you with a +0 dagger.
* * * LOW HITPOINT WARNING * * *
You closely miss the orc wizard.
The orc wizard is heavily wounded.
The orc wizard hits you but does no damage.
An orc comes into view. It is wielding a +0 hand axe.
The orc shouts!
You hit the orc wizard.
The orc wizard is severely wounded.
The orc wizard hits you but does no damage.
You hit the orc wizard but do no damage.
The orc wizard is severely wounded.
The orc wizard hits you but does no damage.
You hit the orc wizard.
The orc wizard is almost dead.
The orc wizard hits you but does no damage.
You barely miss the orc wizard.
The orc wizard is almost dead.
The orc wizard points at you and mumbles some strange words.
You resist with some effort.
You barely miss the orc wizard.
The orc wizard is almost dead.
The orc wizard closely misses you.
You closely miss the orc wizard.
The orc wizard is almost dead.
The orc wizard gestures wildly while chanting.
The orc wizard flickers and vanishes!
Deactivating autopickup; reactivate with Ctrl-A.
You hear some strange, mumbled words.
Something tries to affect you, but you resist.
A magic dart appears from out of thin air!
The magic dart hits you but does no damage.
A magic dart appears from out of thin air!
The magic dart hits you.
* * * LOW HITPOINT WARNING * * *
A puff of flame appears from out of thin air!
The puff of flame hits you! The fire burns you terribly!
You die...

.. .#.##....#. ##...
....#...#. ### .....
##....#... .(###.##.#.
##....... #####
...#.##.##.#####....#...
.).o#######o..##.#
........>..###
###.oo..#oo{.###.# #..#.....#
#####o..##..##.#####....#...#
.
#...###...@......รท#####.###
##
...#........................
#########.........####.......
#.........# #.......
#.........# ########
#...).....# #.........#
###########


You could see 2 orcs.

Vanquished Creatures
  An adder (D:1)
  A dart slug (D:2)
  2 bats (D:1)
  2 endoplasms (D:1)
  4 giant cockroaches (D:1)
  2 goblins (D:1)
  3 hobgoblins (D:1)
  4 jackals (D:1)
  2 kobolds
  5 ball pythons
  3 frilled lizards
  3 rats (D:1)
32 creatures vanquished.

Vanquished Creatures (others)
  An orc wizard (D:2)
1 creature vanquished.

Grand Total: 33 creatures vanquished

Notes
Turn   | Place    | Note
-------+----------+-------------------------------------------
     0 | D:1      | hquester the Demigod Wanderer began the quest for the Orb.
     0 | D:1      | hquester set off with the following items: a +0 dagger, a
                  | scroll of fog, a +0 robe, a +0 cloak; and the following
                  | spells available to memorise: Beastly Appendage, Sting,
                  | Summon Small Mammal, Call Canine Familiar, Ice Form
     0 | D:1      | Reached XP level 1. HP: 14/14 MP: 5/5
   256 | D:1      | Reached skill level 3 in Transmutations
   586 | D:1      | Reached XP level 2. HP: 20/20 MP: 7/7
   799 | D:1      | You fall into a shaft and drop 1 floor!
   963 | D:1      | Reached XP level 3. HP: 11/27 MP: 8/8
  1146 | D:1      | Reached skill level 1 in Short Blades
  1568 | D:2      | HP: 1/27 [something/magic dart (5)]
  1591 | D:2      | Killed from afar by an orc wizard

Illustrated notes

Levels and vault maps discovered:
D:1:      amcnicky_arrival_double_pillar, layout_basic,
          hellmonk_ecumenical_altar_pennies_from_heaven, minmay_3d_cube
D:2:      layout_rooms

Skill      XL: |  1  2  3 |
---------------+----------+-----
Transmutations | 3 |  3.2
Stealth        | 2 |  2.1
Spellcasting   | 2 |  2.0
Short Blades   | 1 |  1.4
Fighting       | |  0.9
Armour         | |  0.4
Dodging        | |  1.3
Shields        | |  0.4
Summonings     | |  1.0
Evocations     | |  1.0

Action                   || total
-------------------------++-------
Melee: Dagger            ||   261
  Use: Potion            ||     2
 Stab: Sleeping          ||     3
Armor: Robe              ||     8
       Ring mail         ||   142
Dodge: Dodged            ||   110
Block: Buckler           ||    34

Table legend: (Time is in decaauts)
 A = Elapsed time spent in this place.
 B = Non-inter-level travel time spent in this place.
 C = Inter-level travel time spent in this place.
 D = Time resting spent in this place.
 E = Time spent auto-exploring this place.
 F = Levels seen in this place.
 G = Mean time per level.
                   A        B        C        D        E       F      G
               +--------+--------+--------+--------+--------+-----+--------+
         Total |   1595 |   1587 |      8 |      0 |    976 |   2 |  797.5 |
       Dungeon |   1595 |   1587 |      8 |      0 |    976 |   2 |  797.5 |
               +--------+--------+--------+--------+--------+-----+--------+

Top non-repeatable levels by time:
     D:1: 1326 daAuts
     D:2: 268 daAuts
